 Dungeon Crawl Stone Soup version 0.30.1-9-gdf580d7c3d (webtiles) character file.

Game seed: 10785202265525813467

2 Videorelaxant777 the Magician (level 1, 0/15 HPs)
             Began as a Djinni Ice Elementalist on Oct 5, 2023.
             Slain by a kobold
             ... wielding a +0 short sword
              (1 damage)
             ... on level 1 of the Dungeon.
             The game lasted 00:06:03 (216 turns).

Videorelaxant777 the Magician (DjIE)                 Turns: 216, Time: 00:06:04

Health: 0/15       AC:  2    Str:  7    XL:     1   Next: 33%
Gold:   8          EV: 14    Int: 16    God:
                   SH:  0    Dex: 13

rFire   + + .        (no weapon)
rCold   x . .        (no shield)
rNeg    . . .        a - +0 robe
rPois   ∞            (no helmet)
rElec   .            (no cloak)
rCorr   .            (no gloves)
SInv    .            (boots unavailable)
Will    .....        (no amulet)
Stlth   ++           b - +5 ring of evasion
HPRegen 0.22/turn    (no ring)
MPRegen 0.00/turn

%: infuse magic (-1 HP)
@: flying, constricted
A: sickness immunity, fire resistance 2, cold vulnerability 1, float, innate
caster, HP casting, extra vitality 1
a: no special abilities


You were on level 1 of the Dungeon.
You visited 1 branch of the dungeon, and saw 1 of its levels.

You collected 8 gold pieces.

Inventory:

Armour
 a - a +0 robe (worn)
Jewellery
 b - a +5 ring of evasion (left hand)
Scrolls
 c - a scroll of amnesia (quivered) {unknown}


   Skills:
 + Level 2.1 Dodging
 + Level 1.5 Stealth
 + Level 3.3 Spellcasting


You knew the following spells:

 Your Spells              Type           Power      Damage    Failure   Level
a - Freeze                Ice            52%        1d6       4%          1
b - Frozen Ramparts       Ice            26%        1d4       14%         3
c - Ozocubu's Armour      Ice            13%        N/A       14%         3
d - Summon Ice Beast      Ice/Summ       13%        N/A       41%         4
Your spell library was empty.

Dungeon Overview and Level Annotations

Branches:
Dungeon (1/15)

Altars:


Innate Abilities, Weirdness & Mutations

You are immune to sickness and miasma.
You are immune to poison.
Your flesh is very heat resistant. (rF++)
You are vulnerable to cold. (rC-)
You float through the air rather than walking.
You learn spells naturally, not from books.
Your magical power is your life essence.
You have superior vitality. (+4 MHP)


Message History

The giant cockroach closely misses you.
The giant cockroach completely misses you.
You hit the giant cockroach.
You kill the giant cockroach!
There is an open door here.
c - a scroll labelled QOZXAR LOIFANG
Found 8 gold pieces.
You now have 8 gold pieces.
Found a scroll labelled QAITRA DEQUEBROTOO.
Found a clear potion.
A kobold comes into view. It is wielding a +0 short sword.
Found a stone staircase leading down.
A ball python comes into view.
The ball python hisses angrily.
You see here a scroll labelled QAITRA DEQUEBROTOO.
You hit the ball python.
The ball python is moderately wounded.
The ball python closely misses you. x2
The ball python completely misses you. The ball python barely misses you.
The ball python closely misses you. x2
You see here a scroll labelled QAITRA DEQUEBROTOO.
The ball python misses you. x2; The ball python barely misses you.
The ball python completely misses you.
You closely miss the ball python.
The kobold hits you with a +0 short sword.
The ball python bites you. The ball python grabs you.
The ball python constricts you.
You closely miss the ball python.
The kobold hits you with a +0 short sword.
The ball python completely misses you. The ball python constricts you.
* * * LOW HITPOINT WARNING * * *
You closely miss the ball python. The ball python closely misses you.
The ball python constricts you.
* * * LOW HITPOINT WARNING * * *
The kobold hits you with a +0 short sword.
* * * LOW HITPOINT WARNING * * *
The ball python bites you but does no damage.
The ball python constricts you.
The kobold hits you with a +0 short sword.
You die...

.......................
####...................
#.................#
......###.#..#..#..##.
##..#..# #.#...........
#..#..# ###..#..#.....
#. #..#####..#..#..#..
...........K.......
........?@.#.##.
#.####..S....!# .
.........>.....
####..####.###. #...
... ..... .... ###..
... #.. ...


You could see a ball python and a kobold.

Vanquished Creatures
  A giant cockroach (D:1)
  A rat (D:1)
2 creatures vanquished.

Notes
Turn   | Place    | Note
-------+----------+-------------------------------------------
     0 | D:1      | Videorelaxant777 the Djinni Ice Elementalist began the
                  | quest for the Orb.
     0 | D:1      | Videorelaxant777 set off with the following spells
                  | memorised: Freeze, Frozen Ramparts, Ozocubu's Armour,
                  | Summon Ice Beast.
     0 | D:1      | Reached XP level 1. HP: 15/15 MP: 0/0
   216 | D:1      | Slain by a kobold

Illustrated notes

Levels and vault maps discovered:
D:1:      elethiomel_arrival_maze, layout_basic

Action                     || total
---------------------------++-------
  Melee: Unarmed           ||    47
 Armour: Robe              ||     5
  Dodge: Dodged            ||    60
